 Dungeon Sprint DCSS version 0.31-a0-590-g8a5a4361df (webtiles) character file.

Game seed: 13249345139559396116

1171 sircluck the Grappler (level 8, 0/136 HPs)
             Began as a Troll Berserker on Aug 20, 2023.
             Was an Elder of Trog.
             Slain by Sonja
             ... wielding a +0 dagger of distortion
              (8 damage)
             ... in the Dungeon (Sprint I: "Red Sonja").
             The game lasted 00:01:40 (324 turns).

sircluck the Grappler (Troll Berserker)              Turns: 324, Time: 00:01:40

Health: 0/136      AC:  4    Str: 28    XL:     8   Next: 18%
Magic:  7/7        EV: 12    Int:  3    God:    Trog [****..]
Gold:   297        SH:  0    Dex:  9    Spells: 7/7 levels left

rFire   . .          .
                       - Unarmed
rCold   . . .        (no shield)
rNeg    . . .        a - +0 animal skin
rPois   .            (helmet restricted)
rElec   .            (no cloak)
rCorr   .            (gloves unavailable)
SInv    .            (boots unavailable)
Will    .....        (no amulet) Stlth
                     (no ring)
HPRegen 1.22/turn    (no ring)
MPRegen 0.10/turn

%: no teleportation
@: mighty, berserking, very quick
A: large, unfitting armour, claws 3, regeneration 1, shaggy fur 1, tough skin 1
a: Renounce Religion, Berserk, Trog's Hand, Brothers in Arms


You were in the Dungeon.
You worshipped Trog.
Trog was greatly pleased with you.
You visited 1 branch You collected 405 gold pieces.
You spent 108 gold pieces at shops.

Inventory:

Armour
 a - a +0 animal skin (worn)
Wands
 h - a wand of polymorph (7)
Scrolls
 g - a scroll of blinking
Potions
 b - a potion of curing
 c - 2 potions of heal wounds
 d - a potion of haste
 e - 2 potions of magic
 f - a potion of berserk rage
 i - a potion of degeneration {unknown}
 j - a potion of attraction {unknown}


   Skills:
 + Level 8.8 Fighting
 + Level 9.0 Dodging
 + Level 11.5 Unarmed Combat


You had 7 spell levels left.
You didn't know any spells.
Your spell library was empty.

Dungeon Overview and Level Annotations

Branches:
Dungeon (1/1)

Altars:
Cheibriados
Dithmenos
Elyvilon
Fedhas
Gozag
Hepliaklqana
Kikubaaqudgha
Makhleb
Nemelex Xobeh
Okawaru
Qazlal
Ru
Sif Muna
Trog
Uskayaw
Vehumet
Wu Jian
Xom
Yredelemnul
Zin
The Shining One
Jiyva
Lugonu

Shops:
D !

Annotations:
D Sonja


Innate Abilities, Weirdness & Mutations

You are too large for most types of armour.
You have claws for hands.
Your natural rate of healing is unusually fast.
You are covered in fur. (AC +1)
You have tough skin. (AC +1)


Message History

Sonja hits you with a +0 dagger of distortion. x2
You miss Sonja. You barely miss Sonja.
Sonja says, "If only old Madame Brzewit could see me now!"
Sonja barely misses you.
Sonja hits you with a +0 dagger of distortion.
Sonja barely misses you.
You barely miss Sonja. Your claw misses Sonja.
Sonja hits you with a +0 dagger of distortion.
Space warps around you. Sonja misses you.
Sonja hits you with a +0 dagger of distortion.
Space warps around you.
You completely miss Sonja. Sonja hits you but does no damage.
Space warps horribly around you! Sonja hits you but does no damage.
Space warps horribly around you!!
Sonja hits you with a +0 dagger of distortion.
Space warps horribly around you!!
* * * LOW HITPOINT WARNING * * *
You miss Sonja. You claw Sonja!
Sonja is moderately wounded.
Sonja completely misses you.
Sonja hits you with a +0 dagger of distortion.
* * * LOW HITPOINT WARNING * * *
Sonja hits you but does no damage. Space warps horribly around you!
* * * LOW HITPOINT WARNING * * *
Unknown command.
You barely miss Sonja. Your claw misses Sonja.
Sonja is moderately wounded.
Sonja hits you with a +0 dagger of distortion.
* * * LOW HITPOINT WARNING * * *
Space warps around you.
* * * LOW HITPOINT WARNING * * *
Sonja closely misses you.
Sonja hits you with a +0 dagger of distortion.
* * * LOW HITPOINT WARNING * * *
You barely miss Sonja.
Sonja is moderately wounded.
Sonja hits you with a +0 dagger of distortion!
You die...

##########################
#<.#..').#..'..#__#..')..#
#..)..#..').#..'..'..#)..#
#..#####'#####'#__####...+
#..####..#...#.#### #####
#..#__####..##)#
#..#_____##'#_.+
#⌠⌠#_.∩..†'..._#
####_..__##_@#'#
#_____###K#.# #######
#.### $.$ $.$ ##.## #+#


You could see Sonja.

Vanquished Creatures
  2 kobold demonologists (D)
  A slime creature (D)
  Sigmund (D)
  A yak (D)
  A floating eye (D)
  An ogre (D)
  A jelly (D)
  Ijyb (D)
9 creatures vanquished.

Notes
Turn   | Place    | Note
-------+----------+-------------------------------------------
     0 | D        | sircluck the Troll Berserker began the quest for the Orb.
     0 | D        | Reached XP level 1. HP: 22/22 MP: 0/0
     1 | D        | Noticed Ijyb
     7 | D        | Killed Ijyb
     8 | D        | Reached skill level 4 in Unarmed Combat
     8 | D        | Reached XP level 2. HP: 32/32 MP: 1/1
    61 | D        | Noticed an ogre
    65 | D        | Killed an ogre
    66 | D        | Reached skill level 5 in Fighting
    66 | D        | Reached skill level 5 in Dodging
    66 | D        | Reached skill level 6 in Unarmed Combat
    66 | D        | Reached XP level 3. HP: 12/42 MP: 2/2
    66 | D        | Reached XP level 4. HP: 14/50 MP: 3/3
   108 | D        | Noticed Sigmund
   124 | D        | Killed Sigmund
   124 | D        | Reached ** piety under Trog
   125 | D        | Reached skill level 7 in Unarmed Combat
   125 | D        | Reached XP level 5. HP: 24/61 MP: 4/4
   170 | D        | Found a burning altar of Makhleb.
   170 | D        | Found a viscous altar of Jiyva.
   170 | D        | Found a shimmering altar of Xom.
   170 | D        | Found a corrupted altar of Lugonu.
   170 | D        | Noticed a slime creature
   174 | D        | Killed a slime creature
   175 | D        | Reached skill level 9 in Unarmed Combat
   175 | D        | Reached XP level 6. HP: 71/71 MP: 5/5
   209 | D        | Found an ornate altar of the Wu Jian Council.
   209 | D        | Found a shimmering blue altar of Sif Muna.
   211 | D        | Found a radiant altar of Vehumet.
   244 | D        | Found Hueguiha's Distillery.
   244 | D        | Found an ancient bone altar of Kikubaaqudgha.
   244 | D        | Found a hazy altar of Hepliaklqana.
   244 | D        | Found a hide-covered altar of Uskayaw.
   244 | D        | Found a basalt altar of Yredelemnul.
   244 | D        | Found an opulent altar of Gozag.
   244 | D        | Found a snail-covered altar of Cheibriados.
   244 | D        | Found a sacrificial altar of Ru.
   244 | D        | Found a shadowy altar of Dithmenos.
   244 | D        | Noticed a yak
   245 | D        | Found a stormy altar of Qazlal.
   245 | D        | Found a blossoming altar of Fedhas.
   245 | D        | Found a bloodstained altar of Trog.
   245 | D        | Found an iron altar of Okawaru.
   245 | D        | Found a glowing golden altar of the Shining One.
   245 | D        | Found a glowing silver altar of Zin.
   245 | D        | Found a white marble altar of Elyvilon.
   253 | D        | Killed a yak
   254 | D        | Reached XP level 7. HP: 55/79 MP: 6/6
   254 | D        | Found a sparkling altar of Nemelex Xobeh.
   258 | D        | Bought a potion of heal wounds for 60 gold pieces
   258 | D        | Bought a potion of might for 48 gold pieces
   282 | D        | Noticed a kobold demonologist
   282 | D        | Noticed a kobold demonologist
   284 | D        | Noticed a chaos spawn
   284 | D        | Reached *** piety under Trog
   285 | D        | Reached skill level 10 in Unarmed Combat
   288 | D        | Killed a kobold demonologist
   295 | D        | Killed a kobold demonologist
   295 | D        | Reached **** piety under Trog
   296 | D        | Reached skill level 11 in Unarmed Combat
   296 | D        | Reached XP level 8. HP: 90/91 MP: 7/7
   312 | D        | Noticed Sonja
   324 | D        | Slain by Sonja

Illustrated notes

Levels and vault maps discovered:
D:        dungeon_sprint_1 [red_sonja_temple_1, red_sonja_temple_small_1]

Skill      XL: |  1  2  3  4  5  6  7 |
---------------+----------------------+-----
Fighting       | 3 5 6 7 8 |  8.8
Dodging        | 3 5 6 7 9 |  9.0
Unarmed Combat | 4 6 7 9 11 | 11.5

Action                     |  1- 3 |  4- 6 |  7- 9 || total
---------------------------+-------+-------+-------++-------
  Melee: Unarmed           |     7 |    23 |    23 ||    53
         Punch             |     1 |     2 |     2 ||     5
 Invoke: Berserk           |     2 |     1 |     1 ||     4
    Use: Potion            |       |       |     1 ||     1
 Armour: Animal skin       |       |     1 |     3 ||     4
  Dodge: Dodged            |     1 |     7 |    13 ||    21

Table legend: (Time is in decaauts)
 A = Elapsed time spent in this place.
 B = Non-inter-level travel time spent in this place.
 C = Inter-level travel time spent in this place.
 D = Time resting spent in this place.
 E = Time spent auto-exploring this place.
 F = Levels seen in this place.
 G = Mean time per level.
                   A        B        C        D        E       F      G
               +--------+--------+--------+--------+--------+-----+--------+
         Total |    342 |    310 |     32 |    173 |     13 |   1 |  342.0 |
       Dungeon |    342 |    310 |     32 |    173 |     13 |   1 |  342.0 |
               +--------+--------+--------+--------+--------+-----+--------+

Top non-repeatable levels by time:
       D: 342 daAuts
